woodfighter, chaotic female orcish Cavewoman ---------------- ----- |..............| |...| |..............+######### |....## |...<..........| # |...|## |...............##########....|## |%$ ----.----------- #|...|## #%.$ # #--.--## #A#|%$ ################ # # # #P# ^## # @ ---.- # % |.|.. # # |.{[.|# -----# .....-# |...|# ------ |...|# ###################...>.# ----- woodfighter the Cave Woman Experience level: 12 Strength: 25 Dexterity: 17 Constitution: 18 Intelligence: 9 Wisdom: 10 Charisma: 7 Health: 0(88) Energy: 40(40) Def: 26 Gold: 0 Moves: 19174 Dungeon seed: P7iXIo5ckNXm8wRq Game ID: woodfighter_1475507733 Your Inventory: Amulets Y - an uncursed amulet of reflection (being worn) Weapons a - a corroded +0 dwarvish spear named main (weapon in hand) b - a very corroded +0 dwarvish spear named main c - a thoroughly rusty thoroughly corroded +0 dwarvish spear named main (alternate weapon; not wielded) i - 2 +0 dwarvish spears (in quiver) Armor e - an uncursed +0 pair of gauntlets of power (being worn) z - a blessed greased +2 elven shield (being worn) A - an uncursed greased rusty +0 orcish helm (being worn) F - an uncursed +0 dwarvish mithril-coat (being worn) Q - an uncursed +0 pair of leather gloves T - an uncursed +2 dwarvish cloak (being worn) V - a blessed +4 pair of speed boots (being worn) Comestibles h - an uncursed tin of iguana meat x - 6 uncursed food rations Z - an uncursed lizard corpse Rings D - an uncursed ring of regeneration (on right hand) J - an uncursed ring of shock resistance (on left hand) Wands l - a wand of digging (0:4) N - a wand of fire (0:1) Tools j - an uncursed brass lantern (0:1443) k - an uncursed oil lamp (0:1220) q - a -1 unicorn horn s - a blessed bag of holding y - an uncursed skeleton key L - an uncursed towel Gems H - a blessed luckstone Contents of the bag of holding: 1935 gold pieces 6 uncursed [+0] spears an uncursed +0 mummy wrapping 2 [uncursed] C-rations 4 [uncursed] K-rations a [uncursed] cockatrice corpse an uncursed partly eaten lizard corpse 2 uncursed sprigs of wolfsbane a [blessed] scroll of gold detection a [uncursed] scroll of identify a [uncursed] scroll of stinking cloud a [uncursed] scroll of teleportation a [uncursed] potion of fruit juice a [uncursed] potion of gain ability a [uncursed] potion of sickness a [cursed] ring of protection from shape changers a [blessed] [+1] ring of stealth a +0 pick-axe an uncursed [+0] unicorn horn Spells and supernatural/magical abilities: Name Level Category Fail Memory W - pray for help -- divine ? -- Your skills at the end: Miscellaneous Skills bare handed combat [Basic] shield [Skilled] stealth [Skilled] Weapon Skills scimitar [Basic] club [Skilled] spear [Skilled] sling [Basic] Spellcasting Skills Final Attributes: You were piously aligned. You were fire resistant. You were cold resistant. You were sleep resistant. You were shock resistant. You were poison resistant. Your writing hand was a little cramped from use. You saw invisible. You were telepathic. You had infravision. You were invisible to others. You were stealthy. You regenerated. You were protected. You were very fast. You had reflection. You were lucky. You had extra luck. Good luck did not time out for you. You are dead. Vanquished creatures: an elder red dragon 2 titanotheres a lich 2 nurses a lurker above an Aleax a golden naga 4 black puddings a ghost an ettin a mind flayer 3 giant mimics an ice troll a flesh golem a large mimic a long worm 7 couatls 3 stalkers a fire elemental 2 earth elementals a water elemental a hill giant 2 giant mummies a xorn 3 wargs 3 winter wolves 4 small mimics 3 warhorses a xan 2 ettin mummies a large dog 2 freezing spheres 2 flaming spheres 3 shocking spheres a large cat 6 tigers 3 dwarf kings a gelatinous cube 2 giants 2 elf mummies a pit viper 5 wraiths 6 soldiers an incubus 2 giant beetles 20 cockatrices a wolf 7 winter wolf cubs a black light 2 lynxes 2 panthers 5 leprechauns 4 quivering blobs a spotted jelly 3 lizards an orc-captain 6 giant spiders a scorpion 3 horses 2 ice vortices 2 vampire bats a forest centaur 6 gnome kings 2 dwarf mummies 5 brown puddings a Green-elf 2 rust monsters 5 owlbears 4 yetis 2 werewolves 2 piranhas 2 chickatrices 2 dogs a dingo 2 housecats 3 jaguars 5 dwarf lords 3 blue jellies 5 water nymphs 2 white unicorns a gray unicorn a raven 4 plains centaurs 4 gnome mummies 2 Woodland-elves a snake 5 apes 6 human zombies a rope golem 2 soldier ants 4 fire ants 2 yellow lights 5 bugbears a baby crocodile 3 wood nymphs a Mordor orc an Uruk-hai 3 rock moles 5 rock piercers 2 ponies a fog cloud 2 violet fungi 14 gnome lords 10 gnomish wizards a kobold mummy a red naga hatchling 2 guardian naga hatchlings 4 gray oozes a barrow wight 2 elf zombies a ghoul a straw golem 2 paper golems 43 giant ants 2 puppies 5 floating eyes a kitten 21 dwarves a homunculus 2 kobold lords 4 kobold shamans 4 iguanas 7 hill orcs 16 rothes 3 rabid rats 3 centipedes 3 jitterbugs 2 giant bats 7 monkeys 11 dwarf zombies a wererat a werejackal 5 killer bees 9 coyotes a gas spore 10 hobbits 7 acid blobs 9 geckos 9 hobgoblins 13 giant rats 6 cave spiders 5 yellow molds 4 green molds 2 red molds 73 gnomes 4 garter snakes 10 manes 2 gnome zombies 13 jackals 5 foxes 5 kobolds 10 newts 5 goblins 9 sewer rats 11 grid bugs 10 bats 5 lichens 4 kobold zombies 690 creatures vanquished. Voluntary challenges: You did not cause conflict. You did not have reflection until turn 10276. You were not displaced. You used a wielded weapon 1431 times, starting on turn 1. You did not use plumbed fixtures. You read items or engraved 25 times, starting on turn 2530. You never genocided any monsters. You never polymorphed an object. You never changed form. You completed Sokoban on turn 10213, according to the rules. You used no wishes. You split 7 puddings, starting on turn 13844. You never wrote Elbereth's name. You violated your moral code, losing 1 point of alignment, starting on turn 12205. Dungeon overview: The Dungeons of Doom: levels 1 to 23 Level 1 (water) a fountain a long staircase Level 2 ( ) some fountains stairs to The Gnomish Mines Level 3 Level 4 a general store, some fountains Level 5 an altar to Anshar, a fountain Level 6 an altar to Anu, a fountain Level 7 many fountains Level 8 some fountains stairs to Sokoban Level 9 (vault) some fountains Level 10 Level 11 a general store Level 12 a fountain Level 13 some fountains, a throne Level 14 a fountain, a sink Level 15 (big room) Level 16 an altar to Anu, a sink Level 17 Level 18 (rogue) Level 19 a fountain Level 20 a sink Level 21 Level 22 <- You were here a fountain Level 23 The Gnomish Mines: levels 3 to 11 Level 3 stairs to The Dungeons of Doom Level 4 Level 5 many shops, a temple to Anu, a magic chest, some fountains, a sink Level 6 Level 7 Level 8 Level 9 Level 10 Level 11 a magic chest, a fountain Sokoban: levels 4 to 7 Level 4 a magic chest Level 5 Level 6 Level 7 an altar to Anshar, a magic chest stairs to The Dungeons of Doom History has recorded: On T:1 you entered the Dungeons of Doom to retrieve the Amulet of Yendor! On T:164 you reached level 2 of The Dungeons of Doom. On T:469 you advanced to experience level 2. On T:660 you reached level 3 of The Dungeons of Doom. On T:712 you advanced to experience level 3. On T:745 you reached level 1 of The Gnomish Mines. On T:940 you advanced to experience level 4. On T:1034 you advanced to experience level 5. On T:1664 you reached level 2 of The Gnomish Mines. On T:1794 you prayed to Anshar. On T:1798 you advanced to experience level 6. On T:2365 you reached level 3 of The Gnomish Mines. On T:2497 you entered the Minetown temple On T:2514 you advanced to experience level 7. On T:2524 you opened a magic chest. On T:3236 you reached level 4 of The Gnomish Mines. On T:3559 you reached level 5 of The Gnomish Mines. On T:3763 you reached level 6 of The Gnomish Mines. On T:3837 you advanced to experience level 8. On T:4361 you reached level 7 of The Gnomish Mines. On T:4938 you reached level 8 of The Gnomish Mines. On T:5547 you reached level 9 of The Gnomish Mines. On T:5547 you reached the bottom of the Mines. On T:5676 you advanced to experience level 9. On T:5980 you prayed to Anshar. On T:6298 you advanced to experience level 10. On T:6813 you reached level 4 of The Dungeons of Doom. On T:6831 you reached level 5 of The Dungeons of Doom. On T:7280 you reached level 6 of The Dungeons of Doom. On T:7477 you reached level 7 of The Dungeons of Doom. On T:7981 you reached level 8 of The Dungeons of Doom. On T:8252 you reached level 9 of The Dungeons of Doom. On T:8503 you reached level 4 of Sokoban. On T:8788 you reached level 3 of Sokoban. On T:9086 you reached level 2 of Sokoban. On T:9386 you reached level 1 of Sokoban. On T:10213 you advanced to experience level 11. On T:10213 you entered the Sokoban zoo. On T:11294 you prayed to Anshar. On T:11460 you reached level 10 of The Dungeons of Doom. On T:11749 you reached level 11 of The Dungeons of Doom. On T:12104 you prayed to Anshar. On T:12111 you reached level 12 of The Dungeons of Doom. On T:12668 you reached level 13 of The Dungeons of Doom. On T:12812 you reached level 14 of The Dungeons of Doom. On T:13077 you reached level 15 of The Dungeons of Doom. On T:13481 you advanced to experience level 12. On T:13569 you reached level 16 of The Dungeons of Doom. On T:13788 you reached level 17 of The Dungeons of Doom. On T:13860 you prayed to Anshar. On T:14032 you reached level 18 of The Dungeons of Doom. On T:14032 you entered the Rogue tribute level. On T:14437 you reached level 19 of The Dungeons of Doom. On T:14725 you reached level 20 of The Dungeons of Doom. On T:18224 you reached level 21 of The Dungeons of Doom. On T:18424 you reached level 22 of The Dungeons of Doom. On T:18436 you advanced to experience level 13. On T:18961 you reached level 23 of The Dungeons of Doom. Score breakdown: Gold: 1935 ( 193 points) Experience: 12 levels ( 1100 points) Exploration: 23 levels ( 660 points) Discoveries: 70 items ( 2000 points) Variety of kills: 158 monsters ( 2000 points) Major goal: Sokoban/Mines ( 1500 points) Survival: died (score multiplied by 3) Total score: 22359 Latest messages: It is missed. (2x) The bolt of fire misses the blood pudding. The bolt of fire hits the blood pudding! You see here a black pudding corpse. The bolt of fire misses the blood pudding. The bolt of fire hits it. (3x) The blood pudding bites! The bolt of fire misses the blood pudding. The bolt of fire hits it. The bolt of fire hits the couatl! The bolt of fire hits the blood pudding! The bolt of fire hits it. The bolt of fire hits the couatl! The blood pudding bites! The bolt of fire misses the blood pudding. You kill the couatl! The bolt of fire hits it. (2x) The blood pudding bites! (2x) You die... Final status: Goodbye woodfighter the Cavewoman, killed by a blood pudding... You died in The Dungeons of Doom on dungeon level 22 with 22359 points, and 1935 pieces of gold, after 19174 moves. You were level 12 with a maximum of 88 hit points when you died.